 Dungeon Crawl Stone Soup version 0.20-a0-548-g4f8a798 (webtiles) character file.

3515 terra52 the Magician (level 10, -6/74 HPs)
             Began as a Formicid Arcane Marksman on Feb 1, 2017.
             Was a Believer of Okawaru.
             Mangled by a two-headed ogre (8 damage)
             ... on level 8 of the Dungeon.
             The game lasted 00:43:20 (8991 turns).

terra52 the Magician (Formicid Arcane Marksman)     Turns: 8991, Time: 00:43:21

Health: -6/74      AC:  7    Str: 17    XL:     10   Next: 28%
Magic:  5/19       EV: 11    Int: 14    God:    Okawaru [**....]
Gold:   375        SH:  0    Dex: 11    Spells: 3/22 levels left

rFire    . . .     SeeInvis +   k - +4 battleaxe (freeze)
rCold    . . .     Gourm    .   i - +0 ring mail
rNeg     . . .     Faith    .   (no shield)
rPois    +         Spirit   .   (helmet unavailable)
rElec    .         Reflect  .   w - +0 cloak
rCorr    .         Harm     .   (no gloves)
MR       +....                  (no boots)
Stlth    ++........             G - amulet of regeneration
Regen    0.7/turn               u - ring of poison resistance
                                Q - ring of wizardry

@: drained
A: permanent stasis, dig shafts and tunnels, four strong arms, antennae 3
a: Dig, Shaft Self, Heroism, Renounce Religion


You were on level 8 of the Dungeon.
You worshipped Okawaru.
Okawaru was pleased with you.
You were not hungry.

You visited 2 branches of the dungeon, and saw 9 of its levels.

You collected 375 gold pieces.

Inventory:

Hand Weapons
 a - a +0 hand crossbow
 k - a +4 battleaxe of freezing (weapon)
 l - a +1 mace of holy wrath
Missiles
 d - 52 bolts
 K - 4 javelins (quivered)
Armour
 i - a +0 ring mail (worn)
 w - a +0 cloak (worn)
 F - a +0 large shield
Jewellery
 g - an uncursed ring of resist corrosion
 m - an uncursed amulet of the gourmand
 u - a ring of poison resistance (right hand)
 C - an uncursed ring of protection from magic
 E - a +3 ring of intelligence
 G - an amulet of regeneration (around neck)
 J - an uncursed ring of protection from magic
 Q - a ring of wizardry (left hand)
Wands
 r - a wand of confusion (18/48)
 y - a wand of confusion (36/48)
 N - a wand of enslavement (7/24)
Scrolls
 b - 5 scrolls of remove curse
 j - a scroll of recharging
 o - a scroll of identify
 q - 2 scrolls of fear
 v - 2 scrolls of magic mapping
 x - a scroll of amnesia
Potions
 e - a potion of agility
 h - 2 potions of magic
 t - 5 potions of curing
 z - a potion of ambrosia
 A - 3 potions of lignification
 D - 2 potions of flight
 H - a potion of invisibility
 L - 3 potions of brilliance
 M - a potion of berserk rage {unknown}
Books
 c - a book of Debilitation

   Spells                             Type                      Level
   a - Corona                         Hexes                        1
   b - Slow                           Hexes                        2
   c - Gell's Gravitas                Hexes/Translocation          3
   d - Inner Flame                    Hexes/Fire                   3
   e - Cause Fear                     Hexes                        4
   f - Leda's Liquefaction            Hexes/Earth                  4
 O - a book of Maledictions

   Spells                             Type                      Level
   a - Corona                         Hexes                        1
   b - Ensorcelled Hibernation        Hexes/Ice                    2
   c - Confuse                        Hexes                        3
   d - Tukima's Dance                 Hexes                        3
   e - Dazzling Spray                 Conjuration/Hexes            3
Comestibles
 f - 4 bread rations
 n - a chunk of flesh
 p - 3 royal jellies
 s - a meat ration


   Skills:
 * Level 5.2(5.0) Fighting
 + Level 0.4(0.3) Axes
   Level 0.2 Polearms
 + Level 6.3(6.2) Crossbows
 * Level 5.4(5.2) Armour
 - Level 2.0(1.9) Dodging
 + Level 5.5(5.4) Stealth
 + Level 3.6(3.5) Shields
 * Level 6.6(6.4) Spellcasting
 * Level 6.1(6.0) Hexes
 + Level 2.7(2.5) Translocations
 + Level 2.2(2.1) Fire Magic


You had 3 spell levels left.
You knew the following spells:

 Your Spells              Type           Power        Failure   Level  Hunger
a - Corona                Hex            ###....      1%          1    None
b - Slow                  Hex            ###.....     1%          2    #......
c - Inner Flame           Hex/Fire       ###.....     7%          3    ##.....
d - Gell's Gravitas       Hex/Tloc       ###.......   7%          3    ##.....
e - Confuse               Hex            ###.....     4%          3    ##.....
f - Tukima's Dance        Hex            ###.....     4%          3    ##.....
g - Cause Fear            Hex            ###.......   10%         4    ####...


Dungeon Overview and Level Annotations

Branches:
Dungeon (8/15)             Temple (1/1) D:5
   Lair: D:8-11

Altars:
Ashenzari
Cheibriados
Dithmenos
Elyvilon
Fedhas
Gozag
Hepliaklqana
Kikubaaqudgha
Makhleb
Okawaru
Qazlal
Ru
Sif Muna
Uskayaw
Yredelemnul
Zin
The Shining One

Shops:
D:4 !   D:5 }


Innate Abilities, Weirdness & Mutations

You cannot be hasted, slowed, berserked, paralysed or teleported.
You can dig through walls and to a lower floor.
Your four strong arms can wield two-handed weapons with a shield.
You have a pair of large antennae on your head. (SInv)


Message History

* * * LOW HITPOINT WARNING * * *
You slice the two-headed ogre!! You freeze the two-headed ogre!
The two-headed ogre is severely wounded.
The two-headed ogre hits you!
* * * LOW HITPOINT WARNING * * *
The two-headed ogre barely misses you.
You barely miss the two-headed ogre.
The two-headed ogre is severely wounded.
The two-headed ogre barely misses you. The two-headed ogre closely misses you.
An orc warrior comes into view. It is wielding a mace.
You slash the two-headed ogre! You freeze the two-headed ogre.
The two-headed ogre is almost dead.
The two-headed ogre hits you but does no damage.
The two-headed ogre closely misses you.
You hit the two-headed ogre but do no damage.
The two-headed ogre is almost dead.
The two-headed ogre hits you.
* * * LOW HITPOINT WARNING * * *
The two-headed ogre hits you!
You die...

{ {...#. { #{...
..o #.# ##{##
##.{b##
#o#.#.###.##.. {
#O#...........
####@###.#.....##
{
#...#...###...##
{
#..>.............
#...########.####
##)## .# #.# #
#<#
##############.#
.....#....F.))[#


You could see a two-headed ogre and an orc warrior.

Vanquished Creatures
  Grinder (D:3)
  A water moccasin (D:7)
  An ice beast (D:6)
  2 orc warriors
  2 sky beasts (D:6)
  A phantom (D:4)
  2 ogres
  2 necrophages (D:6)
  3 centaurs (D:7)
  A big kobold (D:7)
  A gnoll sergeant (D:7)
  2 bullfrogs
  A wyvern zombie (D:7)
  A scorpion (D:5)
  3 wights
  6 killer bees (D:7)
  A howler monkey (D:4)
  2 crimson imps
  A centaur zombie (D:6)
  2 hounds
  7 orc priests
  A centaur skeleton (D:7)
  2 jellies
  4 orc wizards
  Ijyb (D:3)
  9 worker ants
  3 iguanas
  A hound zombie (D:5)
  14 gnolls
  15 adders
  A shadow imp (D:5)
  An ooze (D:3)
  2 adder skeletons
  5 worms
  4 dart slugs
  6 leopard geckos
  24 orcs
  4 giant cockroaches
  6 goblins
  8 hobgoblins
  5 jackals
  9 kobolds
  A quokka (D:4)
  A ball python (D:1)
  9 bats
  A frilled lizard (D:4)
  4 rats
184 creatures vanquished.

Vanquished Creatures (others)
  7 dancing weapons
7 creatures vanquished.

Grand Total: 191 creatures vanquished

Notes
Turn   | Place    | Note
-------+----------+-------------------------------------------
     0 | D:1      | terra52 the Formicid Arcane Marksman began the quest for the Orb.
     0 | D:1      | Reached XP level 1. HP: 15/15 MP: 2/2
    41 | D:1      | Reached XP level 2. HP: 14/21 MP: 1/3
   440 | D:1      | Learned a level 2 spell: Slow
   720 | D:1      | Reached XP level 3. HP: 26/26 MP: 4/4
  1269 | D:2      | Reached XP level 4. HP: 32/32 MP: 3/6
  1926 | D:2      | Learned a level 3 spell: Inner Flame
  2151 | D:3      | Reached XP level 5. HP: 37/38 MP: 4/8
  2284 | D:3      | Noticed Ijyb
  2297 | D:3      | Killed Ijyb
  2391 | D:3      | Reached XP level 6. HP: 45/45 MP: 10/10
  2408 | D:3      | Reached skill level 1 in Armour
  2835 | D:3      | Noticed Grinder
  2857 | D:3      | Killed Grinder
  2857 | D:3      | Reached skill level 1 in Stealth
  2857 | D:3      | Reached skill level 5 in Hexes
  2857 | D:3      | Reached XP level 7. HP: 17/52 MP: 12/12
  3622 | D:4      | Found Hajikhla's Distillery.
  3950 | D:4      | Reached skill level 1 in Fire Magic
  3950 | D:4      | Reached XP level 8. HP: 57/58 MP: 12/14
  4205 | D:4      | Reached skill level 1 in Shields
  4612 | D:5      | Entered Level 5 of the Dungeon
  4704 | D:5      | Reached skill level 5 in Crossbows
  4968 | D:5      | Learned a level 3 spell: Gell's Gravitas
  4982 | D:5      | Found a staircase to the Ecumenical Temple.
  4988 | Temple   | Entered the Ecumenical Temple
  5045 | Temple   | Became a worshipper of Warmaster Okawaru
  5265 | D:5      | Found Meydead's Gadget Shop.
  5749 | D:6      | Found an opulent altar of Gozag.
  5757 | D:6      | Learned a level 3 spell: Confuse
  5761 | D:6      | Learned a level 3 spell: Tukima's Dance
  5788 | D:6      | Reached XP level 9. HP: 60/65 MP: 12/16
  5815 | D:6      | Reached skill level 5 in Spellcasting
  5913 | D:6      | Found a deep blue altar of Sif Muna.
  6370 | D:6      | Reached * piety under Okawaru
  6370 | D:6      | Reached skill level 1 in Translocations
  7234 | D:7      | Learned a level 4 spell: Cause Fear
  7238 | D:7      | Reached ** piety under Okawaru
  7341 | D:7      | Reached skill level 5 in Stealth
  7341 | D:7      | Reached XP level 10. HP: 72/73 MP: 16/18
  7538 | D:5      | You fall through a shaft for 2 floors!
  7824 | D:7      | Reached skill level 5 in Armour
  8054 | D:7      | Reached skill level 5 in Fighting
  8738 | D:8      | Noticed a two-headed ogre
  8973 | D:8      | Noticed a two-headed ogre
  8988 | D:8      | HP: 3/74 [two-headed ogre (17)]
  8991 | D:8      | Mangled by a two-headed ogre

Vault maps used:
D:1:      dpeg_arrival_houses_and_road, minmay_pentomino_v2
D:2:      first_bread, kennysheep_cross_bottleneck,
          hangedman_abyss_or_decor_lesser_grid
D:3:      nicolae_underground_beach, uniq_iyjb, uniq_grinder
D:4:      minmay_opposing_rooms, serial_shops,
          nicolae_shop_competitors_out_of_business
D:5:      temple_green, serial_shops, nicolae_shop_competitors_out_of_business,
          kennysheep_generic_room_8
D:6:      old_standard_altar, basic_altar
D:8:      xom_butterflies, dpeg_lair_monsters, serial_shops, shop
Temple:   eino_temple_scatter_basement

Skill      XL: |  1  2  3  4  5  6  7  8  9 10 |
---------------+-------------------------------+-----
Hexes          | 4 5 6 |  6.1
Dodging        | 2 |  2.0
Spellcasting   | 2 3 4 5 6 |  6.6
Fighting       | 2 3 4 5 |  5.2
Crossbows      | 3 4 5 6 |  6.3
Armour         | 2 3 4 5 |  5.4
Stealth        | 1 2 3 5 |  5.5
Fire Magic     | 1 2 |  2.2
Shields        | 2 3 |  3.6
Translocations | 2 |  2.7
Axes           | |  0.4
Polearms       | |  0.2

Action                   |  1- 3 |  4- 6 |  7- 9 | 10-12 || total
-------------------------+-------+-------+-------+-------++-------
Melee: Dagger            |    20 |    79 |    80 |       ||   179
       Mace              |     4 |     3 |    34 |    29 ||    70
       Short sword       |     2 |       |       |       ||     2
       Spear             |       |       |    10 |     7 ||    17
       Battleaxe         |       |       |       |    57 ||    57
 Fire: Hand crossbow     |    31 |    72 |   188 |    51 ||   342
Throw: Javelin           |       |       |       |     1 ||     1
 Cast: Corona            |    12 |    15 |    21 |     4 ||    52
       Slow              |       |    13 |    24 |    15 ||    52
       Inner Flame       |       |     1 |    11 |     6 ||    18
       Cause Fear        |       |       |     1 |     3 ||     4
       Gell's Gravitas   |       |       |     1 |       ||     1
       Tukima's Dance    |       |       |       |    14 ||    14
       Confuse           |       |       |       |     4 ||     4
Invok: Heroism           |       |       |       |     1 ||     1
 Abil: Shaft Self        |       |       |       |     1 ||     1
Evoke: Wand              |       |     3 |       |       ||     3
  Use: Potion            |       |     1 |       |       ||     1
       Scroll            |       |       |    17 |     2 ||    19
 Stab: Sleeping          |     1 |       |     1 |       ||     2
       Confused          |       |     1 |       |     1 ||     2
  Eat: Chunk             |     1 |     6 |    21 |     3 ||    31
       Meat ration       |       |       |       |     1 ||     1
Armor: Robe              |    11 |    20 |     4 |       ||    35
       Ring mail         |       |       |    53 |    44 ||    97
Dodge: Dodged            |    37 |    48 |   103 |   100 ||   288
